AoeStats
← Chewy

Arabia

508157128Analyzed
1v1 RM · 11d ago on Sep 21, 2026· 23m 50s· 2 players
Game mode
Random Map
Map size
Tiny (2 player)
Population
200
Speed
Normal
Resources
Standard
Victory
Conquest
Starting age
Dark Age
Ending age
Imperial Age
RankedLock teamsTeams togetherTeam positionsShared explorationLock speedFull tech treeHidden civsTurbo modeCheats
Victory
Defeat
🇺🇸 Malians · United States
1221
+14
🇦🇷 Vikings · Argentina
1168
-14
fidel8a
6:50 Loom
10:12 Feudal Age
10:16 Man-at-Arms
11:02 Double-Bit Axe
15:08 Fletching
16:06 Horse Collar
18:15 Padded Archer Armor
24:01 Castle Age
Chewy
7:06 Loom
9:10 Feudal Age
9:27 Man-at-Arms
12:16 Double-Bit Axe
20:27 Castle Age
18:56 Fletching
19:42 Padded Archer Armor
19:44 Horse Collar
20:30 Crossbowman
21:11 Bodkin Arrow
22:37 Bow Saw
23:39 Ballistics
24:29 Leather Archer Armor
Connection lost

Rejoining the realm…

Still unreachable

The connection could not be restored.

Session expired

The server has moved on; the page needs a fresh start.